 Dungeon Crawl Stone Soup version 0.24.0-125-gc4c63601f3 (webtiles) character file.

Game seed: 11779370995763119971, levelgen mode: deterministic

122866 Amplified the Bludgeoner (level 16, 0/149 HPs)
             Began as a Minotaur Earth Elementalist on Feb 21, 2020.
             Was the Champion of Okawaru.
             Killed from afar by a deep elf mage (15 damage)
             ... with a bolt of lightning
             ... on level 1 of the Elven Halls.
             The game lasted 00:41:47 (26315 turns).

Amplified the Bludgeoner (MiEE)                    Turns: 26315, Time: 00:41:48

Health: 0/149      AC: 24    Str: 29    XL:     16   Next: 35%
Magic:  5/20       EV: 22    Int: 25    God:    Okawaru [******]
Gold:   1516       SH:  0    Dex: 14    Spells: 15/17 levels left

rFire    + + +     SeeInvis .   o - +9 great mace of the Extremely Mad {protect, -Tele MR+ Int+6 Stlth+}
rCold    . . .     Gourm    .   (shield currently unavailable)
rNeg     . . .     Faith    +   u - +0 chain mail {rF+}
rPois    +         Spirit   .   s - +0 hat "Puomeulai" {*Drain rF+ rCorr Str+5}
rElec    .         Reflect  .   S - +0 cloak {MR+}
rCorr    +         Harm     .   l - +0 pair of gloves {Str+3}
MR       ++++.     NoTele   +   P - +3 pair of boots of Hitirchof {*Contam rPois Regen+ Str+2}
Stlth    +.........             f - amulet of faith
HPRegen  0.74/turn              F - ring "Sish" {*Drain rPois rF+ Int+5}
MPRegen  0.17/turn              U - ring of protection from magic

@: heroism, finesse
A: retaliatory headbutt, horns 2, repulsion field 1, clever 1, strong 1
a: Heroism, Finesse, Renounce Religion


You were on level 1 of the Elven Halls.
You worshipped Okawaru.
Okawaru was exalted by your worship.
You were not hungry.

You visited 4 branches of the dungeon, and saw 24 of its levels.
You also visited: Gauntlet and Ice Cave.

You collected 3638 gold pieces.
You spent 2122 gold pieces at shops.

Inventory:

Hand Weapons
 o - the +9 great mace of the Extremely Mad (weapon) {protect, -Tele MR+ Int+6 Stlth+}
   (Okawaru gifted it to you in an ice cave)

   It grants its wielder temporary protection when it strikes (+7 to AC).
   It affects your intelligence (+6).
   It affects your resistance to hostile enchantments.
   It prevents most forms of teleportation.
   It makes you more stealthy.
 J - the +7 demon whip "Ekkaraat" {pain, rF+ MR+ SInv Stlth+}
   (You bought it in a shop on level 2 of the Orcish Mines)

   In the hands of one skilled in necromantic magic, it inflicts extra damage on
   living creatures.
   It protects you from fire.
   It affects your resistance to hostile enchantments.
   It lets you see invisible.
   It makes you more stealthy.
 Z - the +8 quick blade of Moral Flaws {vamp, +Blink Dex-3 Stlth+}
   (You found it on level 15 of the Dungeon)

   It inflicts no extra harm, but heals its wielder when it wounds a living foe.
   It affects your dexterity (-3).
   It lets you blink.
   It makes you more stealthy.
Missiles
 b - 938 stones (quivered)
 y - 40 poisoned darts
 R - a throwing net
 X - a curare-tipped dart
Armour
 l - a +0 pair of gloves of strength (worn)
 s - the +0 hat "Puomeulai" (worn) {*Drain rF+ rCorr Str+5}
   (Okawaru gifted it to you on level 1 of the Orcish Mines)

   It affects your strength (+5).
   It protects you from fire.
   It provides partial protection from all sources of acid and corrosion.
   It causes draining when unequipped.
 u - a +0 chain mail of fire resistance (worn)
 A - the +2 leather armour of the Known World {Int+2, unknown}
   (You found it on level 14 of the Dungeon)

   It affects your intelligence (+2).
 P - the +3 pair of boots of Hitirchof (worn) {*Contam rPois Regen+ Str+2}
   (Okawaru gifted it to you on level 5 of the Lair of Beasts)

   It affects your strength (+2).
   It protects you from poison.
   It causes magical contamination when unequipped.
   It increases your rate of regeneration.
 S - a +0 cloak of magic resistance (worn)
Jewellery
 f - an amulet of faith (around neck)
 i - an uncursed ring of protection from fire
 F - the ring "Sish" (left hand) {*Drain rPois rF+ Int+5}
   (You bought it in a shop on level 2 of the Orcish Mines)

   [ring of poison resistance]

   It affects your intelligence (+5).
   It protects you from fire.
   It protects you from poison.
   It causes draining when unequipped.
 G - an uncursed ring of positive energy
 N - the amulet "Kothryec" {Reflect Str+3 Int+4 SH+4}
   (You found it in a Gauntlet)

   [amulet of reflection]

   It shields you and reflects attacks.
   It affects your strength (+3).
   It affects your intelligence (+4).
   It affects your SH (+4).
 U - a ring of protection from magic (right hand)
 V - an uncursed ring of protection from cold
Wands
 h - a wand of polymorph (6)
 q - a wand of iceblast (67)
 t - a wand of paralysis (16)
 B - a wand of flame (20)
 D - a wand of digging (2)
 E - a wand of disintegration (28)
 K - a wand of acid (2)
 W - a wand of scattershot (4)
Scrolls
 g - 6 scrolls of remove curse
 p - 2 scrolls of magic mapping
 r - 6 scrolls of amnesia
 x - 5 scrolls of enchant weapon
 C - 2 scrolls of blinking
 M - 4 scrolls of teleportation
 O - 2 scrolls of fear
 Q - a scroll of fog
Potions
 c - 2 potions of ambrosia
 e - 6 potions of mutation
 j - a potion of flight
 m - 3 potions of might
 w - 2 potions of cancellation
 z - 3 potions of agility
 H - 4 potions of haste
 L - 5 potions of curing
 T - 3 potions of brilliance
Comestibles
 a - 5 chunks of flesh
 d - 30 rations


   Skills:
 * Level 15.1(20.1) Fighting
 - Level 20.3(25.3) Maces & Flails
 * Level 15.1(20.1) Armour
 * Level 13.3(18.3) Dodging
 - Level 1.5(6.5) Stealth
 - Level 1.3 Spellcasting
 - Level 0.7 Transmutations
 - Level 2.4 Earth Magic
 - Level 7.8 Invocations


You had 15 spell levels left.
You knew the following spells:

 Your Spells              Type           Power        Failure   Level  Hunger
a - Passwall              Tmut/Erth      #.......     26%         2    ###....

Your spell library contained the following spells:

 Spells                   Type           Power        Failure   Level  Hunger
 Sandblast                Erth           ##....       12%         1    #......
 Animate Skeleton         Necr           N/A          32%         1    #......
 Apportation              Tloc           #.....       32%         1    #......
 Confusing Touch          Hex            #.....       32%         1    #......
 Magic Dart               Conj           #...         32%         1    #......
 Pain                     Necr           #...         32%         1    #......
 Summon Small Mammal      Summ           #...         32%         1    #......
 Blink                    Tloc           N/A          43%         2    ###....
 Call Imp                 Summ           #.......     43%         2    ###....
 Poisonous Vapours        Pois/Air       #.....       43%         2    ###....
 Slow                     Hex            #.......     43%         2    ###....
 Stone Arrow              Conj/Erth      #.....       52%         3    ###....
 Call Canine Familiar     Summ           #.......     67%         3    ###....
 Conjure Flame            Conj/Fire      #.......     67%         3    ###....
 Mephitic Cloud           Conj/Pois/Air  #.......     67%         3    ###....
 Regeneration             Chrm/Necr      #.........   67%         3    ###....
 Summon Guardian Golem    Hex/Summ       #.......     67%         3    ###....
 Vampiric Draining        Necr           #.........   67%         3    ###....
 Petrify                  Tmut/Erth      #.......     86%         4    #####..
 Ice Form                 Ice/Tmut       #.......     95%         4    #####..
 Animate Dead             Necr           N/A          97%         4    #####..
 Summon Ice Beast         Ice/Summ       #.......     97%         4    #####..
 Summon Lightning Spire   Summ/Air       #.......     97%         4    #####..
 Lee's Rapid Deconstruct  Erth           ##........   97%         5    ######.
 Irradiate                Conj/Tmut      #.........   100%        5    ######.
 Metabolic Englaciation   Hex/Ice        #.........   100%        5    ######.
 Bolt of Cold             Conj/Ice       #.........   100%        6    #######
 Freezing Cloud           Conj/Ice/Air   #.........   100%        6    #######
 Hydra Form               Tmut           #.........   100%        6    #######
 Ozocubu's Refrigeration  Ice            #.........   100%        6    #######
 Simulacrum               Ice/Necr       #.........   100%        6    #######
 Statue Form              Tmut/Erth      #........    100%        6    #######
 Dragon Form              Tmut           #.........   100%        7    #######
 Ring of Flames           Chrm/Fire      #.........   100%        7    #######


Dungeon Overview and Level Annotations

Branches:
Dungeon (15/15)            Temple (0/1) D:6            Lair (6/6) D:8
  Swamp (0/4) Lair:2        Snake (0/4) Lair:3        Slime (0/5) Lair:6
    Orc (2/2) D:10            Elf (1/3) Orc:2        Vaults (0/5) D:13
 Depths (0/5) D:15          IceCv (visited)         Gauntlet (visited)

Altars:
Ashenzari
Dithmenos
Elyvilon
Hepliaklqana
Nemelex Xobeh
Okawaru
Trog
Uskayaw
Vehumet
Wu Jian
Xom
Zin
The Shining One
Jiyva

Shops:
D:5 *   D:7 [   Orc:2 (?**   Elf:1 !

Annotations:
D:15 2 transporters, hitsuchi's ghost, adept GnWn
Lair:3 3 runed translucent doors, MisterOstroum's ghost, journeyman TrWn
Lair:5 exclusion: 4 oklob plants


Innate Abilities, Weirdness & Mutations

You reflexively headbutt those who attack you in melee.
You have a pair of horns on your head.
You are surrounded by a mild repulsion field. (EV +2)
Your mind is acute. (Int +2)
Your muscles are strong. (Str +2)


Message History

The deep elf mage blinks!
The deep elf mage casts a spell at you. The bolt of lightning hits you!!
You barely miss the deep elf mage.
You headbutt the deep elf mage, but do no damage.
The deep elf mage gestures wildly while chanting.
The deep elf mage blinks!
The deep elf mage casts a spell at you. The bolt of lightning hits you!
* * * LOW HITPOINT WARNING * * *
The bolt of lightning hits you!!
* * * LOW HITPOINT WARNING * * *
Unknown command.
Okay, then.
You cannot blink because you are wielding the +9 great mace of the Extremely Mad {protect, -Tele MR+ Int+6 Stlth+}.
Unknown command.
You feel better.
The deep elf mage points at you and mumbles some strange words.
The bolt of lightning misses you. The bolt of lightning hits you!
You die...

,*,** ###...........#,,,,***,* *
##,,* #......8#8......***,*,,* *
..,,* #......###......# **,*,* **
...,* #......8#8......#**,*,,* *,
...#*##.#...........###*,***,***,
....##.###.........##,,,,,,*,,**,
...#).## #.........#*,,,,,,,,*,,*
#.....## ####...#####...,,,,,*,,*
##...#.######...@%......,,,,,,**,
..........).............,,,,,****
#.##.....####)...###....,,,,,* *
.#.##.....##))...#*.###.,,,,,*
#,#............e##.###..,,,*,****
...#+#................e.,,,,,,,,,
##,+∩'.).........###.!..,,,,,*,**
**#+#....)......# *,,,.,,,,,**,*
#..#..##......# *,,,,,,******,


You could see a deep elf mage.

Vanquished Creatures
  Asterion (Elf:1)
  2 very ugly things (D:13)
  2 vampire knights (D:15)
  A dire elephant (Lair:6)
  A minotaur (Gauntlet)
  Azrael (D:13)
  A deep elf high priest (Elf:1)
  Erolcha (D:12)
  5 hydras
  Erica (D:8)
  A vault guard (D:13)
  8 centaur warriors
  Fannar (D:12)
  6 two-headed ogres
  4 dancing weapons (Elf:1)
  9 death yaks
  2 catoblepae
  A deep troll shaman (Lair:6)
  A death scarab (Gauntlet)
  A tengu warrior (D:15)
  A two-headed ogre (shapeshifter) (D:13)
  5 orc high priests (Orc:2)
  A sixfirhy (D:14)
  A sea snake (shapeshifter) (D:13)
  11 slime creatures
  An unseen horror (D:12)
  2 wizards (D:15)
  A spectral hydra (Gauntlet)
  The ghost of Xerdoz the Insei, a novice OpTm (D:7)
  Pikel (D:7)
  An obsidian statue (D:14)
  9 orc knights
  A wolf spider (D:13)
  2 necromancers
  18 ugly things
  2 wolf spider zombies
  8 deep elf magi
  2 oklob plants (Lair:3)
  4 cyclopes (D:13)
  A manticore (D:15)
  2 orc sorcerers (Orc:1)
  A moth of wrath (Gauntlet)
  11 elephants (Lair:6)
  An apocalypse crab (Gauntlet)
  Joseph (D:9)
  An ice statue (IceCv)
  4 black mambas
  A naga mage (D:15)
  7 spiny frogs
  4 gargoyles
  A storm dragon simulacrum (D:15)
  5 komodo dragons
  2 rime drakes
  2 efreet (D:14)
  2 hellwings (D:14)
  2 kobold demonologists (D:13)
  12 freezing wraiths
  2 tengu conjurers
  6 trolls
  3 tyrant leeches (D:15)
  A queen bee (D:10)
  A wolf spider simulacrum (D:15)
  3 polar bears
  Prince Ribbit (D:8)
  7 dream sheep (Lair:5)
  14 hippogriffs
  7 blink frogs
  A raiju (shapeshifter) (Elf:1)
  A ynoxinul (D:14)
  2 water elementals (D:13)
  5 vampires
  A wraith (D:13)
  26 yaks
  3 wyverns
  11 humans (D:13)
  A chaos spawn (D:14)
  Grum (D:9)
  3 death yak simulacra (IceCv)
  5 basilisks
  5 fire elementals
  2 hungry ghosts
  Menkaure (D:6)
  4 vampire mosquitoes (D:15)
  8 nagas (Lair:3)
  A warg (Orc:2)
  A soldier ant (D:13)
  An acid dragon (D:13)
  16 water moccasins
  A hell hound (D:13)
  Duvessa (D:7)
  5 porcupines
  A slave (D:7)
  19 ice beasts
  43 orc warriors
  2 black bears (Lair:6)
  3 phantoms
  A hornet zombie (D:14)
  A necrophage (D:13)
  2 sky beasts
  A boggart (D:13)
  7 ogres
  10 wolves
  7 centaurs
  16 crocodiles
  A gnoll sergeant (D:9)
  A big kobold (D:9)
  12 bullfrogs
  A water moccasin zombie (D:7)
  2 wyvern zombies
  Dowan (D:7)
  A scorpion (shapeshifter) (D:13)
  A wyvern skeleton (D:13)
  5 scorpions
  4 wights (D:9)
  26 killer bees
  6 electric eels
  5 howler monkeys
  10 crimson imps
  3 bullfrog zombies
  Crazy Yiuf (D:2)
  3 draconian simulacra (IceCv)
  3 quasits
  4 centaur zombies
  7 hounds
  A jelly (D:8)
  8 centaur skeletons
  39 orc priests
  24 orc wizards
  3 bullfrog skeletons
  5 iguanas
  An iron imp (D:14)
  13 worker ants
  2 spriggan simulacra (IceCv)
  A polar bear simulacrum (IceCv)
  4 troll simulacra (IceCv)
  A killer bee zombie (D:9)
  7 centaur simulacra
  A hound zombie (D:7)
  A hound skeleton (D:8)
  2 worker ant zombies (D:6)
  A howler monkey skeleton (D:9)
  2 ogre simulacra (IceCv)
  12 adders
  5 naga simulacra (IceCv)
  5 shadow imps
  13 white imps
  An ufetubus (D:14)
  An ooze (D:2)
  2 adder skeletons
  An adder zombie (D:9)
  A worm (D:3)
  A dart slug (D:4)
  9 leopard geckos
  112 orcs
  2 ball pythons (D:4)
  7 bats
  10 giant cockroaches
  6 goblins
  3 hobgoblins
  14 jackals
  3 quokkas
  A goblin skeleton (D:8)
  3 goblin zombies (D:8)
  A hobgoblin zombie (D:8)
  6 kobolds
  A kobold skeleton (D:8)
  A leopard gecko zombie (D:9)
  An orc skeleton (D:8)
  A quokka skeleton (D:6)
  A quokka zombie (D:8)
  4 rats
  A plant (Lair:3)
888 creatures vanquished.

Vanquished Creatures (others)
  2 white imps (D:14)
  A demonic plant (Gauntlet)
  4 fungi
  5 plants (Lair:6)
12 creatures vanquished.

Grand Total: 900 creatures vanquished

Notes
Turn   | Place    | Note
-------+----------+-------------------------------------------
     0 | D:1      | Amplified the Minotaur Earth Elementalist began the quest
                  | for the Orb.
     0 | D:1      | Reached XP level 1. HP: 14/14 MP: 1/1
   340 | D:1      | Reached skill level 1 in Fighting
   362 | D:1      | Reached XP level 2. HP: 23/23 MP: 3/3
   502 | D:1      | Reached skill level 1 in Maces & Flails
   765 | D:1      | Reached skill level 1 in Armour
  1292 | D:2      | Gained mutation: You are surrounded by a mild repulsion
                  | field. (EV +2) [potion of mutation]
  1292 | D:2      | Gained mutation: Your muscles are strong. (Str +2) [potion
                  | of mutation]
  1292 | D:2      | Gained mutation: Your mind is acute. (Int +2) [potion of
                  | mutation]
  1435 | D:2      | Reached XP level 3. HP: 28/28 MP: 1/4
  1510 | D:2      | Found a runed translucent door.
  1511 | D:2      | Noticed Crazy Yiuf
  1763 | D:2      | Reached skill level 2 in Maces & Flails
  1955 | D:2      | Killed Crazy Yiuf
  2054 | D:2      | Reached skill level 3 in Maces & Flails
  2054 | D:2      | Reached XP level 4. HP: 25/36 MP: 1/5
  2109 | D:3      | Found an ornate altar of the Wu Jian Council.
  2265 | D:3      | Reached XP level 5. HP: 39/42 MP: 2/6
  2401 | D:3      | Reached skill level 4 in Maces & Flails
  2674 | D:3      | Reached XP level 6. HP: 39/51 MP: 2/7
  2736 | D:3      | Reached skill level 5 in Maces & Flails
  2747 | D:3      | Learned a level 2 spell: Passwall
  2828 | D:3      | Found a white marble altar of Elyvilon.
  3903 | D:4      | Reached skill level 6 in Maces & Flails
  3903 | D:4      | Reached XP level 7. HP: 59/59 MP: 8/8
  3951 | D:5      | Entered Level 5 of the Dungeon
  4058 | D:5      | Found a hazy altar of Hepliaklqana.
  4147 | D:5      | Found Qacig's Assorted Antiques.
  4732 | D:5      | Found a shadowy altar of Dithmenos.
  4736 | D:5      | Found an iron altar of Okawaru.
  4741 | D:5      | Found a shattered altar of Ashenzari.
  4939 | D:5      | Became a worshipper of Warmaster Okawaru
  5009 | D:6      | Reached skill level 5 in Fighting
  5009 | D:6      | Reached skill level 7 in Maces & Flails
  5178 | D:6      | Reached skill level 5 in Armour
  5186 | D:6      | Reached XP level 8. HP: 58/68 MP: 9/9
  5364 | D:7      | Noticed a hippogriff
  5369 | D:7      | Killed a hippogriff
  5369 | D:7      | Reached * piety under Okawaru
  5369 | D:7      | Reached skill level 8 in Maces & Flails
  5410 | D:6      | Found Zin's Purification Station.
  5411 | D:6      | Found a glowing silver altar of Zin.
  5427 | D:6      | Bought a potion of curing for 90 gold pieces
  5443 | D:6      | Found a staircase to the Ecumenical Temple.
  5660 | D:6      | Found a sparkling altar of Nemelex Xobeh.
  5670 | D:6      | Noticed Menkaure
  5673 | D:6      | Killed Menkaure
  5698 | D:6      | Reached skill level 9 in Maces & Flails
  6339 | D:7      | Noticed Xerdoz's ghost (novice OpTm)
  6340 | D:7      | Found a runed translucent door.
  6405 | D:7      | Noticed Duvessa
  6405 | D:7      | Noticed Dowan
  6422 | D:7      | Killed Duvessa
  6422 | D:7      | Reached ** piety under Okawaru
  6427 | D:7      | Killed Dowan
  6620 | D:7      | Found Jubaock's Armour Boutique.
  6664 | D:7      | Reached XP level 9. HP: 50/78 MP: 10/10
  6693 | D:7      | Bought a +0 pair of boots for 49 gold pieces
  6751 | D:7      | Reached skill level 10 in Maces & Flails
  6782 | D:7      | Noticed Pikel
  6799 | D:7      | Killed Pikel
  6799 | D:7      | Reached *** piety under Okawaru
  7114 | D:8      | Noticed Prince Ribbit
  7186 | D:8      | Noticed Erica
  7201 | D:8      | Killed Erica
  7201 | D:8      | Reached **** piety under Okawaru
  7201 | D:8      | Reached skill level 11 in Maces & Flails
  7279 | D:8      | Found a glowing golden altar of the Shining One.
  7359 | D:8      | Reached XP level 10. HP: 89/90 MP: 11/11
  7552 | D:8      | Reached skill level 12 in Maces & Flails
  7973 | D:8      | Found a staircase to the Lair.
  7979 | D:8      | Killed Prince Ribbit
  8022 | D:9      | Reached ***** piety under Okawaru
  8136 | D:9      | Reached skill level 1 in Invocations
  8233 | D:9      | Noticed a two-headed ogre
  8241 | D:9      | Killed a two-headed ogre
  8534 | D:9      | Found a hide-covered altar of Uskayaw.
  8839 | D:9      | Noticed Grum
  8842 | D:9      | Noticed Joseph
  8858 | D:9      | Killed Grum
  8858 | D:9      | Reached skill level 5 in Dodging
  8882 | D:9      | Killed Joseph
  8882 | D:9      | Reached XP level 11. HP: 88/99 MP: 11/13
  9184 | D:10     | Entered Level 10 of the Dungeon
  9694 | D:10     | Reached ****** piety under Okawaru
  9703 | D:10     | Reached skill level 10 in Fighting
  9713 | D:10     | Reached skill level 10 in Armour
 10127 | D:10     | Reached skill level 5 in Invocations
 10189 | D:10     | Received a gift from Okawaru
 10379 | D:10     | Noticed a two-headed ogre
 10395 | D:10     | Killed a two-headed ogre
 10688 | D:10     | Noticed a two-headed ogre
 10697 | D:10     | Killed a two-headed ogre
 11065 | D:10     | Found a staircase to the Orcish Mines.
 11417 | D:12     | Noticed a two-headed ogre
 11445 | D:12     | Killed a two-headed ogre
 11541 | D:12     | Killed an unseen horror
 11549 | D:12     | Noticed Erolcha
 11574 | D:12     | HP: 4/101 [something (19)]
 12607 | Orc:1    | Entered Level 1 of the Orcish Mines
 12646 | Orc:1    | Received a gift from Okawaru
 12651 | Orc:1    | Reached XP level 12. HP: 50/108 MP: 16/16
 13007 | Orc:1    | Found a frozen archway.
 13053 | IceCv    | Entered an ice cave
 13083 | IceCv    | Received a gift from Okawaru
 13084 | IceCv    | Got an ebony great mace {god gift}
 13098 | IceCv    | HP: 5/108 [white imp/puff of frost (5)]
 13120 | IceCv    | HP: 4/110 [white imp/puff of frost (6)]
 13627 | IceCv    | Identified the +9 great mace of the Extremely Mad {protect,
                  | -Tele MR+ Int+6 Stlth+} (Okawaru gifted it to you in an ice
                  | cave)
 13663 | IceCv    | Found an ancient bone altar of Kikubaaqudgha.
 13684 | IceCv    | Reached skill level 13 in Maces & Flails
 14557 | Orc:1    | Received a gift from Okawaru
 14560 | Orc:1    | Got a twisted hat {god gift}
 14566 | Orc:1    | Identified the +0 hat "Puomeulai" {*Drain rF+ rCorr Str+5}
                  | (Okawaru gifted it to you on level 1 of the Orcish Mines)
 14731 | Orc:2    | Entered Level 2 of the Orcish Mines
 14899 | D:7      | Killed Xerdoz's ghost
 14899 | D:7      | Reached skill level 14 in Maces & Flails
 14966 | Lair:1   | Entered Level 1 of the Lair of Beasts
 15668 | Lair:2   | Reached skill level 15 in Maces & Flails
 15790 | Lair:2   | Found a staircase to the Swamp.
 15914 | Lair:2   | Found an iron altar of Okawaru.
 16099 | Lair:3   | Noticed a four-headed hydra
 16108 | Lair:3   | Killed a four-headed hydra
 16145 | Lair:3   | Reached XP level 13. HP: 101/116 MP: 17/17
 16177 | Lair:3   | Found the +3 giant club "Skullcrusher" {speed, Str+7}
 16264 | Lair:3   | Reached skill level 16 in Maces & Flails
 16413 | Lair:3   | Received a gift from Okawaru
 16482 | Lair:3   | Found a staircase to the Snake Pit.
 16588 | Lair:3   | Found a runed translucent gate.
 16589 | Lair:3   | Found a runed translucent gate.
 16591 | Lair:3   | Found a runed translucent gate.
 16593 | Lair:3   | Found a viscous altar of Jiyva.
 16593 | Lair:3   | Noticed MisterOstroum's ghost (journeyman TrWn)
 17053 | Lair:4   | Reached skill level 17 in Maces & Flails
 17137 | Lair:4   | Found a gate leading to a gauntlet.
 17247 | Gauntlet | Entered a Gauntlet
 17247 | Gauntlet | Found a transporter.
 17247 | Gauntlet | Found a transporter.
 17255 | Gauntlet | Found a transporter.
 17259 | Gauntlet | Found a transporter.
 17267 | Gauntlet | Found a transporter.
 17271 | Gauntlet | Found a transporter.
 17279 | Gauntlet | Found a transporter.
 17295 | Gauntlet | Found a transporter.
 17312 | Gauntlet | Found a transporter.
 17313 | Gauntlet | Found a transporter.
 17321 | Gauntlet | Found a transporter.
 17325 | Gauntlet | Found a transporter.
 17576 | Gauntlet | Got a pitted sapphire amulet
 17598 | Gauntlet | Identified the amulet "Kothryec" {Reflect Str+3 Int+4 SH+4}
                  | (You found it in a Gauntlet)
 17612 | Gauntlet | Identified the +7 shortbow of Vyhuph {speed, rF++ MR+}
 17612 | Gauntlet | Noticed a minotaur
 17626 | Gauntlet | Killed a minotaur
 17636 | Gauntlet | Got an ivory shortbow
 17710 | Lair:4   | Identified the +5 shortbow of Roloi {speed, rPois rF+ Str+4
                  | Int+3} (You found it in a Gauntlet)
 18124 | Lair:5   | Received a gift from Okawaru
 18124 | Lair:5   | Reached skill level 18 in Maces & Flails
 18157 | Lair:5   | Received a gift from Okawaru
 18886 | Lair:5   | Reached skill level 19 in Maces & Flails
 18896 | Lair:5   | Reached XP level 14. HP: 53/124 MP: 18/18
 19229 | Lair:5   | Received a gift from Okawaru
 19232 | Lair:5   | Got a pair of scorched boots {god gift}
 19243 | Lair:5   | Identified the +3 pair of boots of Hitirchof {*Contam rPois
                  | Regen+ Str+2} (Okawaru gifted it to you on level 5 of the
                  | Lair of Beasts)
 19840 | Lair:6   | Entered Level 6 of the Lair of Beasts
 20101 | Lair:6   | Reached skill level 20 in Maces & Flails
 20433 | Lair:6   | Found a viscous altar of Jiyva.
 20433 | Lair:6   | Found a staircase to the Slime Pits.
 21086 | Orc:2    | Found a shimmering altar of Xom.
 21323 | Orc:2    | Received a gift from Okawaru
 21542 | Orc:2    | Reached skill level 10 in Dodging
 21786 | Orc:2    | Found Usoastryo's Assorted Antiques.
 21787 | Orc:2    | Found Wamot's Magic Scroll Emporium.
 21787 | Orc:2    | Found Rucemih's Assorted Antiques.
 21788 | Orc:2    | Found Exigokk's Antique Weapon Emporium.
 21797 | Orc:2    | Bought a transparent lapis lazuli ring for 140 gold pieces
 21803 | Orc:2    | Bought a fine demon whip for 740 gold pieces
 21803 | Orc:2    | Identified the +7 demon whip "Ekkaraat" {pain, rF+ MR+ SInv
                  | Stlth+} (You bought it in a shop on level 2 of the Orcish
                  | Mines)
 21804 | Orc:2    | Identified the ring "Sish" {*Drain rPois rF+ Int+5} (You
                  | bought it in a shop on level 2 of the Orcish Mines)
 21809 | Orc:2    | Bought a scroll of enchant weapon for 112 gold pieces
 21809 | Orc:2    | Bought a scroll of teleportation for 45 gold pieces
 21809 | Orc:2    | Bought a scroll of fog for 30 gold pieces
 21811 | Orc:2    | Bought a dented bone amulet for 140 gold pieces
 21811 | Orc:2    | Bought an encrusted jade ring for 140 gold pieces
 21811 | Orc:2    | Bought a potion of curing for 84 gold pieces
 21811 | Orc:2    | Bought a scroll of teleportation for 84 gold pieces
 22128 | Orc:2    | Found a staircase to the Elven Halls.
 22554 | D:12     | Noticed Fannar
 22577 | D:12     | Killed Fannar
 22714 | D:12     | Killed Erolcha
 22818 | D:13     | Reached XP level 15. HP: 134/134 MP: 19/19
 22836 | D:13     | Found a gate to the Vaults.
 22864 | D:13     | Identified the cursed +2 glaive "Buneisob" {holy, rC++
                  | Str+3} (You found it on level 13 of the Dungeon)
 22977 | D:13     | Received a gift from Okawaru
 23536 | D:13     | Noticed Azrael
 23547 | D:13     | Killed Azrael
 24483 | D:14     | Received a gift from Okawaru
 24966 | D:15     | Entered Level 15 of the Dungeon
 25015 | D:15     | Found a transporter.
 25017 | D:15     | Found the +12 Vampire's Tooth {vamp}
 25018 | D:15     | Found a bloodstained altar of Trog.
 25025 | D:15     | Identified the +6 bardiche of Indignation {drain, +Fly
                  | Int+6 Dex-5}
 25025 | D:15     | Noticed hitsuchi's ghost (adept GnWn)
 25025 | D:15     | Identified the +9 great mace of World Downfall {vamp,
                  | *Drain rN+ Dex+4 SInv}
 25153 | D:15     | Found a staircase to the Depths.
 25157 | D:15     | Received a gift from Okawaru
 25290 | D:15     | Reached XP level 16. HP: 145/147 MP: 14/20
 25338 | D:15     | Found a transporter.
 25411 | D:15     | Received a gift from Okawaru
 25414 | D:15     | Got a heavily runed hat {god gift}
 25415 | D:15     | Identified the +2 hat of Sucyiw {*Contam Dex+2 SInv Stlth+}
                  | (Okawaru gifted it to you on level 15 of the Dungeon)
 25808 | D:15     | Got a polished quick blade
 25809 | D:15     | Identified the +8 quick blade of Moral Flaws {vamp, +Blink
                  | Dex-3 Stlth+} (You found it on level 15 of the Dungeon)
 25937 | D:14     | Got a distressingly furry leather armour
 26127 | Elf:1    | Entered Level 1 of the Elven Halls
 26154 | Elf:1    | Found a radiant altar of Vehumet.
 26234 | Elf:1    | Reached skill level 15 in Fighting
 26250 | Elf:1    | Found Ducoomp's Distillery.
 26253 | Elf:1    | Bought a potion of curing for 39 gold pieces
 26253 | Elf:1    | Bought a potion of curing for 39 gold pieces
 26253 | Elf:1    | Bought a potion of haste for 130 gold pieces
 26253 | Elf:1    | Bought 2 potions of curing for 78 gold pieces
 26253 | Elf:1    | Bought a potion of haste for 130 gold pieces
 26253 | Elf:1    | Bought a potion of might for 52 gold pieces
 26271 | Elf:1    | Noticed Asterion
 26287 | Elf:1    | Killed Asterion
 26287 | Elf:1    | Reached skill level 15 in Armour
 26315 | Elf:1    | Killed from afar by a deep elf mage

Levels and vault maps discovered:
D:1:      dpeg_arrival_three_smaller_balls, layout_basic
D:2:      layout_loops_corners, first_ration, uniq_crazy_yiuf_cottage
D:3:      layout_loops_ring, old_standard_altar, marbit_many_paths
D:4:      layout_basic
D:5:      layout_loops_corners, lemuel_doored_altar,
          minmay_overflow_temple_star_quad, serial_shops,
          nicolae_shop_temple_entry_statues_fountains, moated_statue,
          st_stairs_9
D:6:      layout_layer_cave, zin_purify, minmay_temple_entry_gardened_gates,
          nemelex_lonely_heart_becter, uniq_menkaure
D:7:      layout_loops_ring, hellmonk_ghost_happy_afterlife, serial_shops,
          nicolae_shop_waterfront, grunt_ogre_cave, uniq_duvessa, uniq_pikel
D:8:      minmay_four_partial_circles, layout_cave_pods,
          nicolae_tso_besieged_by_evil, lair_entry_dummy,
          palyth_stone_intersect, minmay_misc_feat_hallway,
          serial_park_tiny_pond, item_on_display_a, uniq_erica,
          uniq_prince_ribbit1
D:9:      cheibrodos_ideogram_h, layout_basic, kennysheep_little_box,
          uniq_joseph, uniq_grum
D:10:     layout_roguey [special_room_bee], erik_orc_2
D:11:     layout_irregular_city
D:12:     layout_basic, uniq_erolcha, uniq_fannar
D:13:     minmay_the_grid_square_5x5_5x5_mashed
          [minmay_the_grid_square_5x5_one_wall,
          minmay_the_grid_square_5x5_trominoes,
          minmay_the_grid_square_5x5_beaten_path,
          minmay_the_grid_square_5x5_almost_minimal,
          minmay_the_grid_square_5x5_fat_x, minmay_the_grid_square_5x5_percent,
          minmay_the_grid_square_5x5_prize_itemx,
          minmay_the_grid_square_5x5_two_walls_a,
          minmay_the_grid_square_5x5_prize_junk,
          minmay_the_grid_square_5x5_comb,
          minmay_the_grid_square_5x5_three_small,
          minmay_the_grid_square_5x5_sharp_hourglass,
          minmay_the_grid_square_5x5_prize_gold,
          minmay_the_grid_square_5x5_checkered_statues,
          minmay_the_grid_square_5x5_hourglass, minmay_the_grid_square_5x5_bite,
          minmay_the_grid_square_5x5_prize_rear_guard,
          minmay_the_grid_square_5x5_lines,
          minmay_the_grid_square_5x5_prize_waves,
          minmay_the_grid_square_5x5_pentomino_r,
          minmay_the_grid_square_5x5_n_small, minmay_the_grid_square_5x5_bridge,
          minmay_the_grid_square_5x5_spiral_small, minmay_the_grid_square_5x5_z,
          minmay_the_grid_square_5x5_tie], layout_basic,
          ximxim_vaults_locker_room, uniq_azrael
D:14:     layout_small_grid, hangedman_decor_riveting, serial_glass,
          glass_columns_c, glass_columns_b, minmay_strange_pillars,
          item_on_display_a, nicolae_water_bricks, glass_columns_b,
          hangedman_devilish_allure
D:15:     grunt_enter_depths_magical_seal, layout_basic,
          gammafunk_ghost_wrathful_warriors, dk_noncrumbling_4,
          minmay_guarded_unrand_vampires_tooth
Lair:1:   layout_cave_shapes, serial_bayou_shore_a
Lair:2:   layout_regular_city, swamp_mist, basic_altar
Lair:3:   layout_roguey, minmay_snake_entry_guardpost_large,
          gammafunk_ghost_ooze, special_room, chequers_serial_rivers_room_a,
          columned_hall_lemuel, minmay_lair_oklob_chamber
Lair:4:   layout_roguey, gauntlet_entry_generic
Lair:5:   layout_layer_cave, dpeg_oklob_1, lemuel_fruit_fields,
          grunt_megastairs_3
Lair:6:   grunt_lair_end_beastmaster, layout_small_grid, slime_altar_1,
          st_stairs_13, lemuel_fruit_fields, serial_bayou_shore_b
Orc:1:    layout_diamond_mine, portal_ice_cave_entry_ice_beasts
Orc:2:    st_orc_pillars, layout_diamond_mine, basic_altar, rock_pile
Elf:1:    eino_elf_arrival_altar, layout_rooms, serial_shops,
          nicolae_shop_behind_doors, shop, infiniplex_enter_wizlab_glasses,
          hangedman_elven_crosses_minicolossus, kb_rosetta, uniq_nikola,
          uniq_asterion, uniq_agnes

Skill      XL: |  1  2  3  4  5  6  7  8  9 10 11 12 13 14 15 16 |
---------------+-------------------------------------------------+-----
Fighting       | 1 2 3 4 5 6 8 9 10 11 12 14 15 | 15.1
Maces & Flails | 1 3 4 6 7 9 11 12 15 19 20 | 20.3
Armour         | 1 2 3 4 5 6 8 9 10 11 12 14 15 | 15.1
Invocations    | 4 7 |  7.8
Dodging        | 5 8 9 10 12 13 | 13.3
Stealth        | |  1.5
Spellcasting   | |  1.3
Transmutations | |  0.7
Earth Magic    | |  2.4

Action                   |  1- 3 |  4- 6 |  7- 9 | 10-12 | 13-15 | 16-18 || total
-------------------------+-------+-------+-------+-------+-------+-------++-------
Melee: Unarmed           |    12 |       |       |       |       |       ||    12
       Mace              |    30 |       |       |       |       |       ||    30
       Spear             |    28 |   113 |       |       |       |       ||   141
       Headbutt          |     5 |    24 |    39 |   175 |   272 |    55 ||   570
       Morningstar       |       |    52 |   196 |   164 |       |       ||   412
       Whip              |       |       |    66 |   513 |       |       ||   579
       Punch             |       |       |       |     4 |       |       ||     4
       Great mace        |       |       |       |   169 |  1063 |   154 ||  1386
Invok: Heroism           |       |       |       |    13 |    19 |     2 ||    34
       Finesse           |       |       |       |     4 |     6 |     1 ||    11
Evoke: Wand              |       |       |     2 |    33 |    16 |     5 ||    56
       Phantom mirror    |       |       |       |     1 |       |       ||     1
  Use: Scroll            |     5 |     3 |     5 |    11 |    18 |     3 ||    45
       Potion            |     3 |     1 |     2 |    15 |     6 |     2 ||    29
 Stab: Sleeping          |     1 |     2 |       |       |       |       ||     3
       Paralysed         |       |       |     2 |       |       |       ||     2
       Distracted        |       |       |       |       |     1 |     1 ||     2
       Petrified         |       |       |       |       |    10 |       ||    10
       Petrifying        |       |       |       |       |     3 |       ||     3
  Eat: Chunk             |     2 |     1 |     5 |     6 |    13 |       ||    27
       Ration            |     2 |       |     2 |     8 |     6 |       ||    18
Armor: Robe              |     8 |       |       |       |       |       ||     8
       Leather armour    |     9 |    40 |       |       |       |       ||    49
       Ring mail         |       |     8 |     4 |       |       |       ||    12
       Chain mail        |       |       |   123 |   353 |   422 |    58 ||   956
Dodge: Dodged            |    44 |    98 |    99 |   435 |   686 |    99 ||  1461
